Checkers vs Phantoms

Created - Tuesday, November 11, 2014 at 23:19

Goals
1 2 3 OT1 SO T
Checkers 0 1 0 0 2 2
Phantoms 0 1 0 0 0 1
Shots
1 2 3 OT1 SO T
Checkers 8 15 5 0 3 28
Phantoms 5 11 8 3 2 27

1st period

No Goal

Penalties :
Martin Gernat (ADR) for Fighting (Major) at 2:00, Blake Parlett (CHA) for Fighting (Major) at 2:00, Zack FitzGerald (ADR) for Fighting (Major) at 2:03, Andrew Campbell (CHA) for Fighting (Major) at 2:03, Adam Lowry (ADR) for Hooking (Minor) at 4:51, Cody Bass (CHA) for Hooking (Minor) at 8:14

2nd period

1. Checkers , Adam Brace 2 (Blake Parlett, Corey Locke) at 7:28 (PP)
2. Phantoms , Denver Manderson 2 (Mark Van Guilder) at 7:52

Penalties :
Zack FitzGerald (ADR) for Fighting (Major) at 2:26, Tom Sestito (CHA) for Fighting (Major) at 2:26, Garnet Exelby (ADR) for Fighting (Major) at 2:44, J.T. Wyman (CHA) for Fighting (Major) at 2:44, Dmitrij Jaskin (ADR) for Interference (Minor) at 3:17, Keegan Lowe (ADR) for Tripping (Minor) at 6:33, Zack Stortini (ADR) for Fighting (Major) at 10:57, Cody Bass (CHA) for Fighting (Major) at 10:57

3rd period

No Goal

Penalties :
Julien Brouillette (CHA) for Interference (Minor) at 6:50, Cody Bass (CHA) for Tripping (Minor) at 14:03

Overtime #1

No Goal

Penalties :
No Penalty

Shootout

Penalty Shot by Jim O'Brien for Checkers - Stopped by Marek Mazanec
Penalty Shot by Dmitrij Jaskin for Phantoms - Shot Misses the Net
Penalty Shot by Andrew Clark for Checkers - Goal!
Penalty Shot by Adam Lowry for Phantoms - Shot Misses the Net
Penalty Shot by Tom Sestito for Checkers - Goal!

Penalties :
No Penalty

Goalie Stats

Drew MacIntyre (CHA), 26 saves from 27 shots - (0.963), W, 8-6-3, 65:00 minutes
Marek Mazanec (ADR), 27 saves from 28 shots - (0.964), OTL, 1-0-1, 65:00 minutes

Players Stats for Checkers

Player Name              G  A  P  +/- PIM S  H  SB GA TA FO     MP     PP MP  PK MP  
------------------------------------------------------------------------------------
Adam Brace               1  0  1   0  0   2  1  0  0  0  1/1    16:16   2:32   0:00 
Andrew Campbell          0  0  0  -1  5   0  0  0  0  3  0/0    20:31   0:57   1:03 
Andrew Clark             0  0  0   0  0   4  1  1  4  1  3/4    14:50   0:00   2:56 
Blake Parlett            0  1  1   0  5   1  1  3  0  1  0/0    22:32   1:57   2:20 
Brian McGrattan          0  0  0  -1  0   2  1  0  0  0  1/1    16:29   2:43   0:00 
Cody Bass                0  0  0   0  9   0  2  0  0  0  0/2     9:50   0:53   0:00 
Corey Locke              0  1  1   0  0   4  2  0  3  1  8/10   18:51   2:32   0:00 
J.T. Wyman               0  0  0   0  5   1  2  0  1  0  0/1    14:47   0:56   0:00 
Jim O'Brien              0  0  0  -1  0   2  1  0  2  1  5/17   17:47   2:21   0:00 
Jordan Kremyr            0  0  0   0  0   0  0  1  0  0  0/1    13:32   0:00   3:01 
Joshua Shalla            0  0  0   0  0   2  0  0  0  0  0/0    11:54   0:00   0:00 
Julien Brouillette       0  0  0   0  2   2  1  1  3  1  0/0    20:39   0:32   2:34 
Mike Cornell             0  0  0   0  0   0  0  0  2  1  0/0    24:44   3:24   2:20 
Nick Crawford            0  0  0   0  0   0  0  0  0  0  0/0    20:03   0:00   3:37 
Sami Salo                0  0  0  -1  0   5  1  2  1  1  0/0    21:56   2:56   0:00 
Sean Backman             0  0  0   0  0   1  2  0  0  1  0/0    20:18   1:39   2:56 
Taylor Matson            0  0  0   0  0   0  0  2  1  1  2/7    13:32   0:00   3:01 
Tom Sestito              0  0  0  -1  5   2  1  0  4  0  0/1    15:24   1:03   0:00 

Players Stats for Phantoms

Player Name              G  A  P  +/- PIM S  H  SB GA TA FO     MP     PP MP  PK MP  
------------------------------------------------------------------------------------
Adam Lowry               0  0  0   0  2   3  1  0  2  0  6/11   19:52   3:09   2:13 
Bryan Lerg               0  0  0   0  0   3  2  0  4  1  4/8    20:04   2:48   1:25 
Chris Langkow            0  0  0   0  0   1  3  0  0  1  3/7    11:34   0:00   0:00 
Denver Manderson         1  0  1   1  0   5  2  2  2  0  1/1    16:58   0:00   2:22 
Dmitrij Jaskin           0  0  0   0  2   2  4  0  1  1  5/10   24:27   2:25   2:09 
Garnet Exelby            0  0  0   0  5   3  3  0  2  2  0/0    23:13   3:10   1:57 
Garrett Wilson           0  0  0   0  0   2  2  0  1  1  0/0    17:32   2:48   0:00 
Greg Zanon               0  0  0   0  0   2  1  6  1  3  0/0    28:11   3:10   3:17 
Harri Pesonen            0  0  0   0  0   0  0  1  0  1  0/0    16:23   3:09   0:45 
Jerome Gauthier-Leduc    0  0  0   0  0   0  1  2  2  2  0/0    23:48   2:47   1:38 
Jonathan Hazen           0  0  0   1  0   0  0  0  0  0  0/0    13:27   0:00   0:00 
Josh Lunden              0  0  0   0  0   2  0  1  1  0  0/0    10:21   0:00   0:52 
Keegan Lowe              0  0  0   1  2   1  1  1  1  0  0/0    17:09   0:00   0:00 
Mark Van Guilder         0  1  1   1  0   2  2  0  7  1  5/7    16:26   0:44   0:00 
Martin Gernat            0  0  0   0  5   1  1  1  0  0  0/0    24:14   2:47   2:54 
Steve MacIntyre          0  0  0   0  0   0  0  0  0  0  0/0     0:00   0:00   0:00 
Zack FitzGerald          0  0  0   1  10  0  1  0  0  0  0/0    13:23   0:00   0:03 
Zack Stortini            0  0  0   0  5   0  2  0  1  1  1/1    18:00   2:48   0:00 

3 Stars

1 - Marek Mazanec (ADR)
2 - Drew MacIntyre (CHA)
3 - Denver Manderson (ADR)

Power Play

Checkers - 1 on 3 Attempt(s) - 33.33%
Phantoms - 0 on 3 Attempt(s) - 0.00%

Penalty Kill

Checkers - 3 on 3 Attempt(s) - 100.00% - Score 0 goal in Penalty Kill
Phantoms - 2 on 3 Attempt(s) - 66.67% - Score 0 goal in Penalty Kill

Official

Referees : Unknown
Linesman : Unknown

Game Notes

Blake Parlett beats up Martin Gernat at 2:00 of 1st period
Andrew Campbell beats up Zack FitzGerald at 2:03 of 1st period
Zack FitzGerald and Tom Sestito fight to a draw at 2:26 of 2nd period
Garnet Exelby and J.T. Wyman fight to a draw at 2:44 of 2nd period
Zack Stortini beats up Cody Bass at 10:57 of 2nd period

Finance

Level 1 -- Attendance: 1546 (77.30%) -- Ticket Income $34,012
Level 2 -- Attendance: 761 (76.10%) -- Ticket Income $7,610
Total Attendance: 2307 (76.90%)
Total Ticket Income: $41,622
Other Income: $20,395
Total Income: $62,017

Checkers

5 vs 5 Forward 
   Center                   Left Wing                Right Wing               Time % Phy DF OF 
 1 Jim O'Brien              Tom Sestito              Brian McGrattan          28     1   2  2  
 2 Corey Locke              Adam Brace               J.T. Wyman               27     1   2  2  
 3 Andrew Clark             Joshua Shalla            Sean Backman             25     1   2  2  
 4 Taylor Matson            Jordan Kremyr            Cody Bass                20     1   2  2  

5 vs 5 Defense 
   Defense                  Defense                                           Time % Phy DF OF 
 1 Sami Salo                Andrew Campbell                                   35     1   2  2  
 2 Mike Cornell             Blake Parlett                                     35     1   2  2  
 3 Nick Crawford            Julien Brouillette                                30     1   2  2  
 4 Blake Parlett            Andrew Campbell                                   0      1   2  2  

PowerPlay Forward 
   Center                   Left Wing                Right Wing               Time % Phy DF OF 
 1 Jim O'Brien              Tom Sestito              Brian McGrattan          50     0   1  4  
 2 Corey Locke              Adam Brace               J.T. Wyman               50     0   1  4  

PowerPlay Defense
   Defense                  Defense                                           Time % Phy DF OF 
 1 Sami Salo                Andrew Campbell                                   50     0   1  4  
 2 Mike Cornell             Blake Parlett                                     50     0   1  4  

Penalty Kill 4 Players Forward 
   Center                   Wing                     Time % Phy DF OF 
 1 Taylor Matson            Jordan Kremyr            50     0   4  1  
 2 Andrew Clark             Sean Backman             50     0   4  1  

Penalty Kill 4 Players Defense
   Defense                  Defense                  Time % Phy DF OF 
 1 Nick Crawford            Julien Brouillette       50     0   4  1  
 2 Mike Cornell             Blake Parlett            50     0   4  1  

Penalty Kill - 3 Players Forward 
   Forward                                           Time % Phy DF OF 
 1 Taylor Matson                                     50     0   5  0  
 2 Andrew Clark                                      50     0   5  0  

Penalty Kill - 3 Players Defense
   Defense                  Defense                  Time % Phy DF OF 
 1 Nick Crawford            Julien Brouillette       50     1   4  0  
 2 Mike Cornell             Blake Parlett            50     1   4  0  

4 vs 4 Forward 
   Center                   Wing                     Time % Phy DF OF 
 1 Jim O'Brien              Sean Backman             50     1   2  2  
 2 Tom Sestito              Corey Locke              50     1   2  2  

4 vs 4 Defense
   Defense                  Defense                  Time % Phy DF OF 
 1 Sami Salo                Andrew Campbell          50     1   2  2  
 2 Mike Cornell             Blake Parlett            50     1   2  2  

Last Minutes Offensive
   Center                   Left Wing                Right Wing               Defense                  Defense                  
   Jim O'Brien              Tom Sestito              Brian McGrattan          Blake Parlett            Sami Salo                

Last Minutes Defensive
   Center                   Left Wing                Right Wing               Defense                  Defense                  
   Jim O'Brien              Tom Sestito              Brian McGrattan          Blake Parlett            Sami Salo                

Goaltenders
Starting : Drew MacIntyre           
Backup : Nathan Lawson            

Extra Forwards
Normal : Sean Backman, Cody Bass, Andrew Clark - PP : Sean Backman, Cody Bass - PK : Andrew Clark
Extra Defensemen
Normal : Mike Cornell, Andrew Campbell, Nick Crawford - PP : Mike Cornell - PK : Blake Parlett, Nick Crawford
Penalty Shots
Jim O'Brien, Andrew Clark, Tom Sestito, Corey Locke, J.T. Wyman

Phantoms

5 vs 5 Forward 
   Center                   Left Wing                Right Wing               Time % Phy DF OF 
 1 Adam Lowry               Dmitrij Jaskin           Harri Pesonen            35     1   2  2  
 2 Bryan Lerg               Garrett Wilson           Zack Stortini            30     1   2  2  
 3 Mark Van Guilder         Denver Manderson         Jonathan Hazen           22     1   2  2  
 4 Chris Langkow            Josh Lunden              Dmitrij Jaskin           13     1   2  2  

5 vs 5 Defense 
   Defense                  Defense                                           Time % Phy DF OF 
 1 Garnet Exelby            Greg Zanon                                        35     1   2  2  
 2 Martin Gernat            Jerome Gauthier-Leduc                             30     1   2  2  
 3 Keegan Lowe              Zack FitzGerald                                   22     1   2  2  
 4 Garnet Exelby            Greg Zanon                                        13     1   2  2  

PowerPlay Forward 
   Center                   Left Wing                Right Wing               Time % Phy DF OF 
 1 Adam Lowry               Dmitrij Jaskin           Harri Pesonen            60     1   2  2  
 2 Bryan Lerg               Garrett Wilson           Zack Stortini            40     1   2  2  

PowerPlay Defense
   Defense                  Defense                                           Time % Phy DF OF 
 1 Garnet Exelby            Greg Zanon                                        60     1   2  2  
 2 Martin Gernat            Jerome Gauthier-Leduc                             40     1   2  2  

Penalty Kill 4 Players Forward 
   Center                   Wing                     Time % Phy DF OF 
 1 Dmitrij Jaskin           Adam Lowry               60     1   2  2  
 2 Harri Pesonen            Bryan Lerg               40     1   2  2  

Penalty Kill 4 Players Defense
   Defense                  Defense                  Time % Phy DF OF 
 1 Garnet Exelby            Greg Zanon               60     1   2  2  
 2 Martin Gernat            Jerome Gauthier-Leduc    40     1   2  2  

Penalty Kill - 3 Players Forward 
   Forward                                           Time % Phy DF OF 
 1 Dmitrij Jaskin                                    60     1   2  2  
 2 Adam Lowry                                        40     1   2  2  

Penalty Kill - 3 Players Defense
   Defense                  Defense                  Time % Phy DF OF 
 1 Garnet Exelby            Greg Zanon               60     1   2  2  
 2 Martin Gernat            Jerome Gauthier-Leduc    40     1   2  2  

4 vs 4 Forward 
   Center                   Wing                     Time % Phy DF OF 
 1 Dmitrij Jaskin           Adam Lowry               60     1   2  2  
 2 Harri Pesonen            Bryan Lerg               40     1   2  2  

4 vs 4 Defense
   Defense                  Defense                  Time % Phy DF OF 
 1 Garnet Exelby            Greg Zanon               60     1   2  2  
 2 Martin Gernat            Jerome Gauthier-Leduc    40     1   2  2  

Last Minutes Offensive
   Center                   Left Wing                Right Wing               Defense                  Defense                  
   Adam Lowry               Dmitrij Jaskin           Harri Pesonen            Garnet Exelby            Greg Zanon               

Last Minutes Defensive
   Center                   Left Wing                Right Wing               Defense                  Defense                  
   Adam Lowry               Dmitrij Jaskin           Harri Pesonen            Garnet Exelby            Greg Zanon               

Goaltenders
Starting : Marek Mazanec            
Backup : Devan Dubnyk             

Extra Forwards
Normal : Mark Van Guilder, Chris Langkow, Denver Manderson - PP : Mark Van Guilder, Chris Langkow - PK : Denver Manderson
Extra Defensemen
Normal : Keegan Lowe, Zack FitzGerald, Martin Gernat - PP : Keegan Lowe - PK : Zack FitzGerald, Martin Gernat
Penalty Shots
Dmitrij Jaskin, Adam Lowry, Harri Pesonen, Bryan Lerg, Garrett Wilson

% Time on Ice - Checkers

Lines # - Real PCT - Wanted PCT - Time Play
Normal Forward
1 - 29% - 28% - 14:01
2 - 28% - 27% - 13:44
3 - 24% - 25% - 11:54
4 - 19% - 20% - 9:31
Normal Defense
1 - 33% - 35% - 16:25
2 - 33% - 35% - 16:06
3 - 30% - 30% - 14:48
4 - 4% - 0% - 1:51
PP Forward
1 - 48% - 50% - 2:21
2 - 52% - 50% - 2:32
PP Defense
1 - 49% - 50% - 2:24
2 - 51% - 50% - 2:29
PK Forward
1 - 51% - 50% - 3:01
2 - 49% - 50% - 2:56
PK Defense
1 - 61% - 50% - 3:37
2 - 39% - 50% - 2:20
PK3 Forward
1 - 0% - 50%
2 - 0% - 50%
PK3 Defense
1 - 0% - 50%
2 - 0% - 50%
44 Forward
1 - 48% - 50% - 2:25
2 - 52% - 50% - 2:35
44 Defense
1 - 51% - 50% - 2:33
2 - 49% - 50% - 2:27
Last Minute Offensive  - 0:00
Last Minute Defensive  - 0:00
Total
Forward - 65:00
Defense - 65:00

% Time on Ice - Phantoms

Lines # - Real PCT - Wanted PCT - Time Play
Normal Forward
1 - 25% - 35% - 12:03
2 - 30% - 30% - 14:44
3 - 27% - 22% - 13:27
4 - 18% - 13% - 8:56
Normal Defense
1 - 29% - 35% - 14:22
2 - 33% - 30% - 16:21
3 - 34% - 22% - 16:37
4 - 4% - 13% - 1:50
PP Forward
1 - 53% - 60% - 3:09
2 - 47% - 40% - 2:48
PP Defense
1 - 53% - 60% - 3:10
2 - 47% - 40% - 2:47
PK Forward
1 - 85% - 60% - 4:08
2 - 15% - 40% - 0:45
PK Defense
1 - 67% - 60% - 3:15
2 - 33% - 40% - 1:38
PK3 Forward
1 - 0% - 60%
2 - 0% - 40%
PK3 Defense
1 - 0% - 60%
2 - 0% - 40%
44 Forward
1 - 86% - 60% - 4:19
2 - 14% - 40% - 0:41
44 Defense
1 - 55% - 60% - 2:45
2 - 45% - 40% - 2:15
Last Minute Offensive  - 0:00
Last Minute Defensive  - 0:00
Total
Forward - 65:00
Defense - 65:00

Play by Play

1st period


0:01 of 1st period - Adam Lowry wins face-off versus Jim O'Brien in neutral zone.
0:57 of 1st period - Corey Locke is hit by Bryan Lerg.
1:18 of 1st period - Julien Brouillette is hit by Garnet Exelby.
2:00 of 1st period - Blake Parlett beats up Martin Gernat.
2:00 of 1st period - Penalty to Martin Gernat for Fighting.
2:00 of 1st period - Penalty to Blake Parlett for Fighting.
2:01 of 1st period - Chris Langkow wins face-off versus Taylor Matson in Phantoms zone.
2:03 of 1st period - Andrew Campbell beats up Zack FitzGerald.
2:03 of 1st period - Penalty to Zack FitzGerald for Fighting.
2:03 of 1st period - Penalty to Andrew Campbell for Fighting.
2:04 of 1st period - Taylor Matson wins face-off versus Chris Langkow in neutral zone.
2:29 of 1st period - Snap shot by Cody Bass.
2:29 of 1st period - Shot Misses the Net.
3:02 of 1st period - Slapshot by Sami Salo.
3:02 of 1st period - Shot Blocked by Denver Manderson.
3:21 of 1st period - Julien Brouillette is hit by Keegan Lowe and loses puck.
3:44 of 1st period - Slapshot by Brian McGrattan.
3:44 of 1st period - Shot Blocked by Greg Zanon.
3:46 of 1st period - Slapshot by Julien Brouillette.
3:46 of 1st period - Deflect By Greg Zanon.
3:46 of 1st period - Stopped by Marek Mazanec with a rebound.
3:48 of 1st period - Slapshot by Sami Salo.
3:48 of 1st period - Deflect By Brian McGrattan.
3:48 of 1st period - Stopped by Marek Mazanec with a rebound.
3:52 of 1st period - Snap shot by Brian McGrattan.
3:52 of 1st period - Stopped by Marek Mazanec with a rebound.
3:54 of 1st period - Wrist shot by Sami Salo.
3:54 of 1st period - Stopped by Marek Mazanec with a rebound.
3:56 of 1st period - Slapshot by Sami Salo.
3:56 of 1st period - Shot Misses the Net.
4:00 of 1st period - Wrist shot by Tom Sestito.
4:00 of 1st period - Shot Blocked by Jerome Gauthier-Leduc.
4:18 of 1st period - Adam Brace is hit by Zack Stortini and loses puck.
4:25 of 1st period - Bryan Lerg is hit by Julien Brouillette and loses puck.
4:35 of 1st period - Icing by Bryan Lerg.
4:36 of 1st period - Zack Stortini wins face-off versus Taylor Matson in Phantoms zone.
4:36 of 1st period - Zack Stortini is hit by Cody Bass.
4:51 of 1st period - Minor Penalty to Adam Lowry for Hooking.
4:52 of 1st period - Corey Locke wins face-off versus Dmitrij Jaskin in Phantoms zone.
4:57 of 1st period - Slapshot by Sami Salo.
4:57 of 1st period - Stopped by Marek Mazanec with a rebound.
5:15 of 1st period - Slapshot by Sami Salo.
5:15 of 1st period - Stopped by Marek Mazanec without a rebound.
5:16 of 1st period - Jim O'Brien wins face-off versus Dmitrij Jaskin in Phantoms zone.
5:21 of 1st period - Wrist shot by Brian McGrattan.
5:21 of 1st period - Shot Misses the Net.
5:33 of 1st period - Jerome Gauthier-Leduc is hit by Brian McGrattan and loses puck.
6:48 of 1st period - Icing by Sami Salo.
6:49 of 1st period - Dmitrij Jaskin wins face-off versus J.T. Wyman in Checkers zone.
6:51 of 1st period - Penalty to Adam Lowry is over, Adam Lowry is back on ice.
6:54 of 1st period - Slapshot by Dmitrij Jaskin.
6:54 of 1st period - Shot Misses the Net.
7:41 of 1st period - Snap shot by Mark Van Guilder.
7:41 of 1st period - Stopped by Drew MacIntyre with a rebound.
7:53 of 1st period - Snap shot by Denver Manderson.
7:53 of 1st period - Stopped by Drew MacIntyre with a rebound.
8:14 of 1st period - Minor Penalty to Cody Bass for Hooking.
8:15 of 1st period - Bryan Lerg wins face-off versus Taylor Matson in Checkers zone.
8:25 of 1st period - Backhand shot by Bryan Lerg.
8:25 of 1st period - Stopped by Drew MacIntyre with a rebound.
9:21 of 1st period - Julien Brouillette is hit by Dmitrij Jaskin and loses puck.
9:32 of 1st period - Greg Zanon is hit by Sean Backman.
10:01 of 1st period - Mike Cornell is hit by Adam Lowry and loses puck.
10:14 of 1st period - Penalty to Cody Bass is over, Cody Bass is back on ice.
11:47 of 1st period - Slapshot by Martin Gernat.
11:47 of 1st period - Stopped by Drew MacIntyre with a rebound.
12:05 of 1st period - Andrew Campbell is hit by Dmitrij Jaskin and loses puck.
12:14 of 1st period - Snap shot by Adam Lowry.
12:14 of 1st period - Shot Misses the Net.
12:20 of 1st period - Keegan Lowe is hit by Cody Bass and loses puck.
13:28 of 1st period - Greg Zanon is hit by Corey Locke and loses puck.
13:34 of 1st period - Icing by Garnet Exelby.
13:35 of 1st period - Mark Van Guilder wins face-off versus Taylor Matson in Phantoms zone.
13:53 of 1st period - Jordan Kremyr is hit by Zack FitzGerald and loses puck.
14:00 of 1st period - Wrist shot by Harri Pesonen.
14:00 of 1st period - Shot Misses the Net.
14:06 of 1st period - Snap shot by Adam Lowry.
14:06 of 1st period - Stopped by Drew MacIntyre without a rebound.
14:07 of 1st period - Adam Lowry wins face-off versus Jim O'Brien in Checkers zone.
14:33 of 1st period - Snap shot by Brian McGrattan.
14:33 of 1st period - Shot Misses the Net.
14:35 of 1st period - Snap shot by Jim O'Brien.
14:35 of 1st period - Shot Misses the Net.
14:37 of 1st period - Snap shot by Brian McGrattan.
14:37 of 1st period - Shot Misses the Net.
15:09 of 1st period - Wrist shot by Joshua Shalla.
15:09 of 1st period - Stopped by Marek Mazanec with a rebound.
15:35 of 1st period - Wrist shot by Corey Locke.
15:35 of 1st period - Stopped by Marek Mazanec with a rebound.
16:24 of 1st period - Martin Gernat is hit by Jim O'Brien and loses puck.
Goals for this period are 0 for Checkers vs 0 for Phantoms.
Shots for this period are 8 for Checkers vs 5 for Phantoms.

2nd period


0:01 of 2nd period - Jim O'Brien wins face-off versus Adam Lowry in neutral zone.
0:06 of 2nd period - Snap shot by Tom Sestito.
0:06 of 2nd period - Deflect By Brian McGrattan.
0:06 of 2nd period - Shot Blocked by Greg Zanon.
0:06 of 2nd period - Puck is out of play.
0:07 of 2nd period - Adam Lowry wins face-off versus Jim O'Brien in Phantoms zone.
0:27 of 2nd period - Icing by Brian McGrattan.
0:28 of 2nd period - Bryan Lerg wins face-off versus Jim O'Brien in Checkers zone.
0:31 of 2nd period - Snap shot by Garrett Wilson.
0:31 of 2nd period - Stopped by Drew MacIntyre with a rebound.
0:39 of 2nd period - Slapshot by Tom Sestito.
0:39 of 2nd period - Stopped by Marek Mazanec without a rebound.
0:40 of 2nd period - Corey Locke wins face-off versus Bryan Lerg in Phantoms zone.
1:17 of 2nd period - Wrist shot by Corey Locke.
1:17 of 2nd period - Shot Misses the Net.
1:59 of 2nd period - Snap shot by Harri Pesonen.
1:59 of 2nd period - Deflect By Adam Lowry.
1:59 of 2nd period - Stopped by Drew MacIntyre with a rebound.
2:01 of 2nd period - Wrist shot by Adam Lowry.
2:01 of 2nd period - Stopped by Drew MacIntyre without a rebound.
2:02 of 2nd period - Mark Van Guilder wins face-off versus Jim O'Brien in Checkers zone.
2:26 of 2nd period - Zack FitzGerald and Tom Sestito fight to a draw.
2:26 of 2nd period - Penalty to Zack FitzGerald for Fighting.
2:26 of 2nd period - Penalty to Tom Sestito for Fighting.
2:27 of 2nd period - Corey Locke wins face-off versus Adam Lowry in neutral zone.
2:44 of 2nd period - Garnet Exelby and J.T. Wyman fight to a draw.
2:44 of 2nd period - Penalty to Garnet Exelby for Fighting.
2:44 of 2nd period - Penalty to J.T. Wyman for Fighting.
2:45 of 2nd period - Adam Lowry wins face-off versus Jim O'Brien in Checkers zone.
3:08 of 2nd period - Snap shot by Brian McGrattan.
3:08 of 2nd period - Shot Misses the Net.
3:10 of 2nd period - Snap shot by Sean Backman.
3:10 of 2nd period - Shot Misses the Net.
3:12 of 2nd period - Slapshot by Sami Salo.
3:12 of 2nd period - Shot Blocked by Greg Zanon.
3:17 of 2nd period - Minor Penalty to Dmitrij Jaskin for Interference.
3:18 of 2nd period - Denver Manderson wins face-off versus Corey Locke in Phantoms zone.
3:31 of 2nd period - Wrist shot by Corey Locke.
3:31 of 2nd period - Shot Misses the Net.
3:33 of 2nd period - Slapshot by Sean Backman.
3:33 of 2nd period - Shot Blocked by Denver Manderson.
3:35 of 2nd period - Slapshot by Blake Parlett.
3:35 of 2nd period - Stopped by Marek Mazanec with a rebound.
3:37 of 2nd period - Snap shot by Adam Brace.
3:37 of 2nd period - Stopped by Marek Mazanec with a rebound.
3:39 of 2nd period - Snap shot by Corey Locke.
3:39 of 2nd period - Stopped by Marek Mazanec with a rebound.
3:41 of 2nd period - Wrist shot by Sean Backman.
3:41 of 2nd period - Shot Blocked by Greg Zanon.
3:43 of 2nd period - Wrist shot by Corey Locke.
3:43 of 2nd period - Stopped by Marek Mazanec with a rebound.
5:01 of 2nd period - Denver Manderson is hit by Sami Salo and loses puck.
5:17 of 2nd period - Penalty to Dmitrij Jaskin is over, Dmitrij Jaskin is back on ice.
5:24 of 2nd period - Cody Bass is hit by Bryan Lerg.
5:42 of 2nd period - Nick Crawford is hit by Garrett Wilson and loses puck.
6:01 of 2nd period - Slapshot by Josh Lunden.
6:01 of 2nd period - Stopped by Drew MacIntyre without a rebound.
6:02 of 2nd period - Chris Langkow wins face-off versus Andrew Clark in Checkers zone.
6:03 of 2nd period - Snap shot by Dmitrij Jaskin.
6:03 of 2nd period - Stopped by Drew MacIntyre with a rebound.
6:05 of 2nd period - Slapshot by Jerome Gauthier-Leduc.
6:05 of 2nd period - Shot Misses the Net.
6:07 of 2nd period - Slapshot by Josh Lunden.
6:07 of 2nd period - Stopped by Drew MacIntyre without a rebound.
6:08 of 2nd period - Andrew Clark wins face-off versus Chris Langkow in Checkers zone.
6:08 of 2nd period - Andrew Clark is hit by Chris Langkow.
6:16 of 2nd period - Snap shot by Sami Salo.
6:16 of 2nd period - Shot Misses the Net.
6:18 of 2nd period - Slapshot by Sami Salo.
6:18 of 2nd period - Shot Misses the Net.
6:20 of 2nd period - Snap shot by Andrew Clark.
6:20 of 2nd period - Shot Misses the Net.
6:22 of 2nd period - Slapshot by Andrew Campbell.
6:22 of 2nd period - Shot Misses the Net.
6:24 of 2nd period - Snap shot by Andrew Clark.
6:24 of 2nd period - Shot Misses the Net.
6:26 of 2nd period - Slapshot by Sami Salo.
6:26 of 2nd period - Shot Blocked by Keegan Lowe.
6:28 of 2nd period - Wrist shot by Joshua Shalla.
6:28 of 2nd period - Shot Blocked by Josh Lunden.
6:30 of 2nd period - Wrist shot by Joshua Shalla.
6:30 of 2nd period - Stopped by Marek Mazanec without a rebound.
6:31 of 2nd period - Bryan Lerg wins face-off versus Jim O'Brien in Phantoms zone.
6:33 of 2nd period - Minor Penalty to Keegan Lowe for Tripping.
6:34 of 2nd period - Brian McGrattan wins face-off versus Adam Lowry in Phantoms zone.
6:38 of 2nd period - Snap shot by Jim O'Brien.
6:38 of 2nd period - Shot Blocked by Greg Zanon.
6:40 of 2nd period - Wrist shot by Jim O'Brien.
6:40 of 2nd period - Stopped by Marek Mazanec without a rebound.
6:41 of 2nd period - Dmitrij Jaskin wins face-off versus Jim O'Brien in Phantoms zone.
7:26 of 2nd period - Penalty to Zack FitzGerald is over, Zack FitzGerald is back on ice.
7:28 of 2nd period - Slapshot by Adam Brace.
7:28 of 2nd period - Goal by Adam Brace - Checkers : 1 - Phantoms : 0.
7:29 of 2nd period - Corey Locke wins face-off versus Bryan Lerg in neutral zone.
7:44 of 2nd period - Wrist shot by Garrett Wilson.
7:44 of 2nd period - Stopped by Drew MacIntyre with a rebound.
7:50 of 2nd period - Snap shot by Bryan Lerg.
7:50 of 2nd period - Stopped by Drew MacIntyre without a rebound.
7:51 of 2nd period - Mark Van Guilder wins face-off versus Jim O'Brien in Checkers zone.
7:52 of 2nd period - Slapshot by Denver Manderson.
7:52 of 2nd period - Goal by Denver Manderson - Checkers : 1 - Phantoms : 1.
7:53 of 2nd period - Corey Locke wins face-off versus Dmitrij Jaskin in neutral zone.
7:56 of 2nd period - Keegan Lowe is hit by Adam Brace and loses puck.
8:39 of 2nd period - Garrett Wilson is hit by Corey Locke.
8:43 of 2nd period - Sami Salo is hit by Garrett Wilson and loses puck.
9:28 of 2nd period - Icing by Jerome Gauthier-Leduc.
9:29 of 2nd period - Mark Van Guilder wins face-off versus Jim O'Brien in Phantoms zone.
9:49 of 2nd period - Snap shot by Brian McGrattan.
9:49 of 2nd period - Deflect By Tom Sestito.
9:49 of 2nd period - Shot Blocked by Martin Gernat.
9:49 of 2nd period - Puck is out of play.
9:50 of 2nd period - Andrew Clark wins face-off versus Adam Lowry in Phantoms zone.
10:11 of 2nd period - Slapshot by Sean Backman.
10:11 of 2nd period - Stopped by Marek Mazanec with a rebound.
10:25 of 2nd period - Garnet Exelby is hit by Blake Parlett and loses puck.
10:44 of 2nd period - Julien Brouillette is hit by Garnet Exelby.
10:57 of 2nd period - Zack Stortini beats up Cody Bass.
10:57 of 2nd period - Penalty to Zack Stortini for Fighting.
10:57 of 2nd period - Penalty to Cody Bass for Fighting.
10:58 of 2nd period - Jim O'Brien wins face-off versus Bryan Lerg in neutral zone.
11:14 of 2nd period - Slapshot by Tom Sestito.
11:14 of 2nd period - Stopped by Marek Mazanec with a rebound.
11:16 of 2nd period - Backhand shot by Julien Brouillette.
11:16 of 2nd period - Stopped by Marek Mazanec with a rebound.
11:33 of 2nd period - Snap shot by Jim O'Brien.
11:33 of 2nd period - Stopped by Marek Mazanec with a rebound.
12:32 of 2nd period - Snap shot by Mark Van Guilder.
12:32 of 2nd period - Stopped by Drew MacIntyre with a rebound.
12:34 of 2nd period - Snap shot by Jonathan Hazen.
12:34 of 2nd period - Shot Misses the Net.
12:52 of 2nd period - Snap shot by Garnet Exelby.
12:52 of 2nd period - Shot Blocked by Jordan Kremyr.
13:06 of 2nd period - Wrist shot by Dmitrij Jaskin.
13:06 of 2nd period - Shot Misses the Net.
13:08 of 2nd period - Snap shot by Josh Lunden.
13:08 of 2nd period - Shot Blocked by Taylor Matson.
13:10 of 2nd period - Snap shot by Chris Langkow.
13:10 of 2nd period - Stopped by Drew MacIntyre with a rebound.
13:56 of 2nd period - Wrist shot by Corey Locke.
13:56 of 2nd period - Stopped by Marek Mazanec with a rebound.
13:58 of 2nd period - Slapshot by Sami Salo.
13:58 of 2nd period - Stopped by Marek Mazanec with a rebound.
15:09 of 2nd period - Tom Sestito is hit by Mark Van Guilder and loses puck.
17:21 of 2nd period - Snap shot by Adam Brace.
17:21 of 2nd period - Shot Misses the Net.
17:23 of 2nd period - Slapshot by Blake Parlett.
17:23 of 2nd period - Shot Blocked by Harri Pesonen.
18:05 of 2nd period - Wrist shot by Brian McGrattan.
18:05 of 2nd period - Shot Misses the Net.
18:41 of 2nd period - Wrist shot by Andrew Clark.
18:41 of 2nd period - Stopped by Marek Mazanec with a rebound.
Goals for this period are 1 for Checkers vs 1 for Phantoms.
Shots for this period are 15 for Checkers vs 11 for Phantoms.

3rd period


0:01 of 3rd period - Adam Lowry wins face-off versus Jim O'Brien in neutral zone.
0:06 of 3rd period - Snap shot by Harri Pesonen.
0:06 of 3rd period - Shot Misses the Net.
0:20 of 3rd period - Snap shot by Dmitrij Jaskin.
0:20 of 3rd period - Shot Blocked by Sami Salo.
0:28 of 3rd period - Slapshot by Garnet Exelby.
0:28 of 3rd period - Stopped by Drew MacIntyre with a rebound.
0:30 of 3rd period - Snap shot by Garnet Exelby.
0:30 of 3rd period - Shot Misses the Net.
0:46 of 3rd period - Slapshot by Sami Salo.
0:46 of 3rd period - Stopped by Marek Mazanec with a rebound.
0:48 of 3rd period - Slapshot by Corey Locke.
0:48 of 3rd period - Shot Blocked by Greg Zanon.
0:50 of 3rd period - Wrist shot by J.T. Wyman.
0:50 of 3rd period - Shot Misses the Net.
1:41 of 3rd period - Wrist shot by Andrew Clark.
1:41 of 3rd period - Shot Misses the Net.
1:43 of 3rd period - Wrist shot by Andrew Clark.
1:43 of 3rd period - Stopped by Marek Mazanec with a rebound.
1:55 of 3rd period - Snap shot by Andrew Clark.
1:55 of 3rd period - Stopped by Marek Mazanec without a rebound.
1:56 of 3rd period - Mark Van Guilder wins face-off versus Taylor Matson in Phantoms zone.
2:15 of 3rd period - Taylor Matson is hit by Denver Manderson and loses puck.
2:31 of 3rd period - Icing by Nick Crawford.
2:32 of 3rd period - Taylor Matson wins face-off versus Adam Lowry in Checkers zone.
3:05 of 3rd period - Adam Lowry is hit by Tom Sestito.
3:21 of 3rd period - Snap shot by Dmitrij Jaskin.
3:21 of 3rd period - Stopped by Drew MacIntyre with a rebound.
3:23 of 3rd period - Snap shot by Martin Gernat.
3:23 of 3rd period - Deflect By Chris Langkow.
3:23 of 3rd period - Shot Misses the Net.
3:23 of 3rd period - Puck is out of play.
3:24 of 3rd period - Adam Brace wins face-off versus Chris Langkow in Checkers zone.
4:15 of 3rd period - Slapshot by Denver Manderson.
4:15 of 3rd period - Shot Misses the Net.
4:17 of 3rd period - Wrist shot by Denver Manderson.
4:17 of 3rd period - Shot Blocked by Sami Salo.
4:19 of 3rd period - Snap shot by Garnet Exelby.
4:19 of 3rd period - Shot Misses the Net.
4:21 of 3rd period - Slapshot by Greg Zanon.
4:21 of 3rd period - Stopped by Drew MacIntyre with a rebound.
5:02 of 3rd period - Snap shot by Andrew Clark.
5:02 of 3rd period - Stopped by Marek Mazanec with a rebound.
6:50 of 3rd period - Minor Penalty to Julien Brouillette for Interference.
6:51 of 3rd period - Adam Lowry wins face-off versus Jordan Kremyr in Checkers zone.
7:34 of 3rd period - Andrew Clark is hit by Garnet Exelby and loses puck.
8:21 of 3rd period - Bryan Lerg is hit by Andrew Clark and loses puck.
8:46 of 3rd period - Taylor Matson is hit by Dmitrij Jaskin and loses puck.
8:50 of 3rd period - Penalty to Julien Brouillette is over, Julien Brouillette is back on ice.
8:51 of 3rd period - Snap shot by Dmitrij Jaskin.
8:51 of 3rd period - Shot Misses the Net.
8:53 of 3rd period - Snap shot by Greg Zanon.
8:53 of 3rd period - Shot Blocked by Blake Parlett.
9:03 of 3rd period - Slapshot by Garnet Exelby.
9:03 of 3rd period - Shot Blocked by Blake Parlett.
9:05 of 3rd period - Slapshot by Garnet Exelby.
9:05 of 3rd period - Stopped by Drew MacIntyre with a rebound.
9:07 of 3rd period - Wrist shot by Denver Manderson.
9:07 of 3rd period - Stopped by Drew MacIntyre with a rebound.
9:09 of 3rd period - Wrist shot by Denver Manderson.
9:09 of 3rd period - Shot Misses the Net.
9:11 of 3rd period - Slapshot by Zack FitzGerald.
9:11 of 3rd period - Shot Blocked by Blake Parlett.
9:13 of 3rd period - Snap shot by Denver Manderson.
9:13 of 3rd period - Stopped by Drew MacIntyre with a rebound.
9:15 of 3rd period - Slapshot by Keegan Lowe.
9:15 of 3rd period - Stopped by Drew MacIntyre with a rebound.
9:17 of 3rd period - Snap shot by Zack FitzGerald.
9:17 of 3rd period - Deflect By Mark Van Guilder.
9:17 of 3rd period - Shot Misses the Net.
9:17 of 3rd period - Puck is out of play.
9:18 of 3rd period - Corey Locke wins face-off versus Mark Van Guilder in Checkers zone.
9:25 of 3rd period - Snap shot by Adam Brace.
9:25 of 3rd period - Deflect By J.T. Wyman.
9:25 of 3rd period - Stopped by Marek Mazanec without a rebound.
9:26 of 3rd period - Corey Locke wins face-off versus Mark Van Guilder in Phantoms zone.
9:27 of 3rd period - Slapshot by Sami Salo.
9:27 of 3rd period - Shot Misses the Net.
10:59 of 3rd period - Jim O'Brien is hit by Mark Van Guilder.
11:59 of 3rd period - Snap shot by Garrett Wilson.
11:59 of 3rd period - Shot Blocked by Andrew Clark.
12:44 of 3rd period - Icing by Sami Salo.
12:45 of 3rd period - Corey Locke wins face-off versus Chris Langkow in Checkers zone.
12:45 of 3rd period - Corey Locke is hit by Jerome Gauthier-Leduc.
12:55 of 3rd period - Martin Gernat is hit by J.T. Wyman.
13:28 of 3rd period - Taylor Matson is hit by Martin Gernat and loses puck.
13:51 of 3rd period - Slapshot by Greg Zanon.
13:51 of 3rd period - Shot Blocked by Taylor Matson.
13:53 of 3rd period - Slapshot by Garnet Exelby.
13:53 of 3rd period - Shot Blocked by Julien Brouillette.
14:03 of 3rd period - Minor Penalty to Cody Bass for Tripping.
14:04 of 3rd period - Andrew Clark wins face-off versus Bryan Lerg in Checkers zone.
15:15 of 3rd period - Sean Backman is hit by Dmitrij Jaskin and loses puck.
15:38 of 3rd period - Taylor Matson is hit by Zack Stortini.
15:57 of 3rd period - Nick Crawford is hit by Greg Zanon and loses puck.
16:03 of 3rd period - Penalty to Cody Bass is over, Cody Bass is back on ice.
16:38 of 3rd period - Slapshot by Sami Salo.
16:38 of 3rd period - Deflect By J.T. Wyman.
16:38 of 3rd period - Shot Blocked by Jerome Gauthier-Leduc.
16:38 of 3rd period - Puck is out of play.
16:39 of 3rd period - Chris Langkow wins face-off versus Corey Locke in Phantoms zone.
16:52 of 3rd period - Icing by Keegan Lowe.
16:53 of 3rd period - Jim O'Brien wins face-off versus Dmitrij Jaskin in Phantoms zone.
17:48 of 3rd period - Zack Stortini is hit by J.T. Wyman and loses puck.
18:08 of 3rd period - Snap shot by Bryan Lerg.
18:08 of 3rd period - Stopped by Drew MacIntyre with a rebound.
18:52 of 3rd period - Wrist shot by Andrew Clark.
18:52 of 3rd period - Deflect By Sean Backman.
18:52 of 3rd period - Shot Misses the Net.
18:52 of 3rd period - Puck is out of play.
18:53 of 3rd period - Bryan Lerg wins face-off versus Jim O'Brien in Phantoms zone.
Goals for this period are 0 for Checkers vs 0 for Phantoms.
Shots for this period are 5 for Checkers vs 8 for Phantoms.

Overtime #1


0:01 of 1st overtime period - Jim O'Brien wins face-off versus Dmitrij Jaskin in neutral zone.
0:32 of 1st overtime period - Slapshot by Garnet Exelby.
0:32 of 1st overtime period - Stopped by Drew MacIntyre with a rebound.
1:04 of 1st overtime period - Wrist shot by Dmitrij Jaskin.
1:04 of 1st overtime period - Deflect By Adam Lowry.
1:04 of 1st overtime period - Shot Misses the Net.
1:04 of 1st overtime period - Puck is out of play.
1:05 of 1st overtime period - Dmitrij Jaskin wins face-off versus Tom Sestito in Checkers zone.
1:52 of 1st overtime period - Mike Cornell is hit by Chris Langkow.
2:04 of 1st overtime period - Sami Salo is hit by Chris Langkow and loses puck.
2:11 of 1st overtime period - Snap shot by Greg Zanon.
2:11 of 1st overtime period - Deflect By Sami Salo.
2:11 of 1st overtime period - Stopped by Drew MacIntyre with a rebound.
4:07 of 1st overtime period - Jerome Gauthier-Leduc is hit by Sean Backman and loses puck.
4:14 of 1st overtime period - Sean Backman is hit by Denver Manderson.
4:32 of 1st overtime period - Snap shot by Denver Manderson.
4:32 of 1st overtime period - Stopped by Drew MacIntyre without a rebound.
4:33 of 1st overtime period - Dmitrij Jaskin wins face-off versus Cody Bass in Checkers zone.
4:34 of 1st overtime period - Slapshot by Garnet Exelby.
4:34 of 1st overtime period - Shot Misses the Net.
4:37 of 1st overtime period - Icing by Blake Parlett.
4:38 of 1st overtime period - Dmitrij Jaskin wins face-off versus Cody Bass in Checkers zone.
Goals for this period are 0 for Checkers vs 0 for Phantoms.
Shots for this period are 0 for Checkers vs 3 for Phantoms.

ShootOut


5:00 of 1st overtime period - Penalty Shot by Jim O'Brien for Checkers.
5:00 of 1st overtime period - Backhand shot by Jim O'Brien.
5:00 of 1st overtime period - Stopped by Marek Mazanec.
5:00 of 1st overtime period - Penalty Shot by Dmitrij Jaskin for Phantoms.
5:00 of 1st overtime period - Deke by Dmitrij Jaskin.
5:00 of 1st overtime period - Shot Misses the Net.
5:00 of 1st overtime period - Penalty Shot by Andrew Clark for Checkers.
5:00 of 1st overtime period - Wrist shot by Andrew Clark.
5:00 of 1st overtime period - Goal by Andrew Clark.
5:00 of 1st overtime period - Penalty Shot by Adam Lowry for Phantoms.
5:00 of 1st overtime period - Wrist shot by Adam Lowry.
5:00 of 1st overtime period - Shot Misses the Net.
5:00 of 1st overtime period - Penalty Shot by Tom Sestito for Checkers.
5:00 of 1st overtime period - Wrist shot by Tom Sestito.
5:00 of 1st overtime period - Goal by Tom Sestito.


Output by the SimonT Hockey Simulator (STHS) for Eric Dolegowski -- Original Page W3C XHTML 1.0 Valid
Hockey Simulator - Hockey Simulation - Hockey Manager